 Dungeon Crawl Stone Soup version 0.17.0-18-gaab0e96 (console) character file.

203 gw the Cudgeler (level 5, -2/41 HPs)
             Began as a Demonspawn Gladiator on Nov 11, 2015.
             Slain by a gnoll
             ... wielding a +0 halberd
              (5 damage)
             ... on level 3 of the Dungeon.
             The game lasted 00:03:49 (4129 turns).

gw the Cudgeler (Demonspawn Gladiator)              Turns: 4129, Time: 00:03:49

Health: -2/41      AC: 10    Str: 14 (15) XL:     5   Next: 51%
Magic:  0/5        EV:  6    Int:  8 (9)  God:    Xom [.*....]
Gold:   152        SH:  0    Dex:  9 (15) Spells: 0 memorised, 4 levels left

rFire  . . .     SeeInvis .     a - +0 flail
rCold  . . .     Clarity  .     b - +0 chain mail
rNeg   . . .     SustAt   .     (no shield)
rPois  .         Gourm    .     c - +0 helmet
rElec  .         Spirit   +     (no cloak)
rCorr  .         Warding  .     (no gloves)
rMut   .         Stasis   .     f - +0 pair of boots
MR     .....                    h - amulet of guardian spirit
Stlth  ..........               (no ring)
                                (no ring)

@: exhausted, slowed, very slow, not resistant to hostile enchantments,
extremely unstealthy
A: iridescent scales 1, deformed body, deterioration 2, nightstalker 1,
screaming 1
a: Renounce Religion


You were on level 3 of the Dungeon.
You worshipped Xom.
You were a plaything of Xom.
You were not hungry.

You visited 1 branch of the dungeon, and saw 3 of its levels.

You collected 152 gold pieces.

Inventory:

Hand Weapons
 a - a +0 flail (weapon)
Missiles
 d - 3 throwing nets
 g - 14 stones (quivered)
Armour
 b - a +0 chain mail (worn)
 c - a +0 helmet (worn)
 f - a +0 pair of boots (worn)
Jewellery
 h - an amulet of guardian spirit (around neck)
Comestibles
 e - a bread ration


   Skills:
 + Level 3.2 Fighting
 * Level 4.2 Maces & Flails
 + Level 2.4 Throwing
 + Level 2.1 Armour
 - Level 2.6 Dodging


You had 4 spell levels left.
You didn't know any spells.

Dungeon Overview and Level Annotations

Branches:
Dungeon (3/15)

Altars:
Xom
Yredelemnul


Innate Abilities, Weirdness & Mutations

You are partially covered in iridescent scales (AC +4).
You are slightly more attuned to the shadows.
Armour fits poorly on your strangely shaped body.
Your body often deteriorates upon taking damage.
You occasionally shout uncontrollably at your foes.


Message History

Unknown command.
Unknown command.
MOVING TO (0,-6)
Things that are here:
a spear; a scroll labeled QIS CEOCOECUGA; a gnoll corpse Unknown command.
Unknown command.
Unknown command.
MOVING TO (0,-5)
The goblin hits you but does no damage.
Unknown command.
Unknown command.
Unknown command.
MOVING TO (0,-4) Unknown command.
Unknown command.
Unknown command.
MOVING TO (0,-3)
The gnoll hits you from afar with a halberd.
You die...

## #.#
###
#####.#
..#
#.....#
#.#
#.#####
#.# #.#
#.# #.#
#.# #.#
#.# #.#
#.. #6#
# #g# #
#g#
######
#)#
##...#
#)#
.....#
#...#
##...##
#.#.#
##....##
#..#.#
.....#.#
#. #.#


You could see a gnoll and a goblin.

Table legend:
 A = Turns spent in this place as a percentage of turns spent in the entire game.
 B = Non-inter-level travel turns spent in this place as a percentage of non-inter-level travel turns spent in the entire game.
 C = Inter-level travel turns spent in this place as a percentage of turns spent in this place.
 D = Turns resting spent in this place as a percentage of non-inter-level travel turns spent in this place.
 E = Turns spent auto-exploring this place as a percentage of non-inter-level travel turns spent in this place.
 F = Non-inter-level travel turns spent in this place divided by the number of levels of this place that you've seen.
                   A       B       C       D       E      F
               +-------+-------+-------+-------+-------+----------------------
         Total | 100.0 | 100.0 |   0.5 |   1.5 |   2.2 | 1854.3
       Dungeon | 100.0 | 100.0 |   0.5 |   1.5 |   2.2 | 1854.3
               +-------+-------+-------+-------+-------+----------------------

Table legend:
 A = Kills in this place as a percentage of kills in entire the game.
 B = Kills by you in this place as a percentage of kills by you in the entire game.
 C = Kills by friends in this place as a percentage of kills by friends in the entire game.
 D = Other kills in this place as a percentage of other kills in the entire game.
 E = Experience gained in this place as a percentage of experience gained in the entire game.
 F = Experience gained in this place divided by the number of levels of this place that you have seen.
                   A       B       C       D       E      F
               +-------+-------+-------+-------+-------+----------------------
         Total | 100.0 | 100.0 |  -nan |  -nan | 100.0 |  97.0
       Dungeon | 100.0 | 100.0 |  -nan |  -nan | 100.0 |  97.0
               +-------+-------+-------+-------+-------+----------------------

Vanquished Creatures
  Natasha (thrice) (D:3)
  Robin (D:2)
  5 adders
  2 gnolls (D:3)
  An ooze (D:2)
  5 orcs
  A ball python (D:3)
  A giant cockroach (D:2)
  17 goblins
  11 hobgoblins
  8 bats
  3 giant geckos
  10 jackals
  8 kobolds
  14 rats
90 creatures vanquished.

Notes
Turn   | Place    | Note
--------------------------------------------------------------
     0 | D:1      | gw the Demonspawn Gladiator began the quest for the Orb.
     0 | D:1      | Reached XP level 1. HP: 16/16 MP: 1/1
   307 | D:1      | Gained mutation: You are slightly more attuned to the shadows. [demonic ancestry]
   307 | D:1      | Reached XP level 2. HP: 22/22 MP: 2/2
   445 | D:1      | Reached skill level 3 in Maces & Flails
   951 | D:1      | Reached XP level 3. HP: 28/28 MP: 3/3
  1351 | D:2      | Found a shimmering altar of Xom.
  1372 | D:2      | Became a worshipper of Xom of Chaos
  1439 | D:2      | Reached skill level 1 in Armour
  1569 | D:2      | Found a basalt altar of Yredelemnul.
  1787 | D:2      | XOM: silly message
  1793 | D:2      | XOM is BORED!
  1793 | D:2      | XOM: harmless Divn miscast
  1973 | D:2      | Noticed Robin
  1993 | D:2      | Killed Robin
  1993 | D:2      | Reached XP level 4. HP: 10/34 MP: 1/4
  1994 | D:2      | XOM: potion effect (berserk rage)
  2280 | D:2      | XOM: potion effect (berserk rage)
  2281 | D:2      | XOM: harmless Summ miscast
  2714 | D:2      | XOM: summons 2 hostile demons
  3086 | D:3      | XOM: silly message
  3102 | D:3      | XOM: give mutations
  3102 | D:3      | Gained mutation: Your body sometimes deteriorates upon taking damage. [Xom's mischief]
  3102 | D:3      | Gained mutation: Armour fits poorly on your strangely shaped body. [Xom's mischief]
  3102 | D:3      | Gained mutation: You occasionally shout uncontrollably at your foes. [Xom's mischief]
  3102 | D:3      | Gained mutation: Your body often deteriorates upon taking damage. [Xom's mischief]
  3191 | D:3      | XOM is BORED!
  3191 | D:3      | XOM: stat loss: -1 Str (14/15)
  3221 | D:3      | Reached skill level 4 in Maces & Flails
  3332 | D:3      | Noticed Natasha
  3337 | D:3      | Killed Natasha
  3337 | D:3      | Gained mutation: You are partially covered in iridescent scales (AC +4). [demonic ancestry]
  3337 | D:3      | Reached XP level 5. HP: 35/41 MP: 3/5
  3414 | D:3      | Noticed Natasha
  3433 | D:3      | Killed Natasha
  3448 | D:3      | XOM: 6-stop teleportation journey
  3591 | D:3      | XOM: mild Trmt miscast
  3675 | D:3      | XOM: vitrification
  3740 | D:3      | XOM: 1-stop teleportation journey
  3757 | D:3      | Noticed Natasha
  3779 | D:3      | Killed Natasha
  3840 | D:3      | XOM: harmless Air miscast
  4114 | D:3      | HP: 2/41 [gnoll/spear (5)]
  4115 | D:3      | XOM: chaos upgrade
  4120 | D:3      | HP: 3/61 [ball python (1)]
  4129 | D:3      | Slain by a gnoll

Action                   |  1- 3 |  4- 6 || total
-------------------------+-------+-------++-------
Melee: Flail             |   117 |   188 ||   305
Throw: Stone             |    96 |    87 ||   183
  Eat: Chunk             |     3 |     6 ||     9
       Bread ration      |       |     1 ||     1

Vault maps used:
D:1:      evilmike_arrival_crescent
D:2:      nicolae_overflow_crystal_walls, lemuel_round_altar, first_bread,
          uniq_robin
D:3:      kennysheep_another_room, grunt_ministairs_7, uniq_natasha,
          uniq_crazy_yiuf_cottage
